 Dungeon Crawl Stone Soup version 0.20-a0-277-g7db01f4 (webtiles) character file.

169099 tboon the Executioner (level 17, -16/136 HPs)
             Began as a Minotaur Fighter on Dec 12, 2016.
             Was a High Priest of Okawaru.
             Demolished by the Royal Jelly (38 damage)
             ... on level 5 of the Pits of Slime on Dec 13, 2016.
             The game lasted 01:55:56 (29601 turns).

tboon the Executioner (Minotaur Fighter)           Turns: 29601, Time: 01:55:57

Health: -16/136    AC: 15    Str: 20      XL:     17   Next: 34%
Magic:  0/21       EV: 18    Int:  7      God:    Okawaru [*****.]
Gold:   2723       SH:  5    Dex:  8 (10) Spells: 16/16 levels left

rFire  . . .     SeeInvis +     S - +6 war axe "Gaxkeaf" {freeze, +Fly rC++}
rCold  + + .     Gourm    .     n - +0 acid dragon scales
rNeg   . . .     Faith    .     y - +0 buckler {AC+3}
rPois  .         Spirit   +     X - +2 hat {MR+}
rElec  .         Reflect  .     I - +2 cloak {MR+}
rCorr  +         Harm     .     J - +2 pair of gloves
MR     ++++.     Rnd*Rage +     j - +2 pair of boots of the Assassin {DetectMon Stab+ Stlth++}
Stlth  ++++......               g - amulet of guardian spirit {Spirit}
                                C - ring of see invisible {sInv, !d}
                                u - ring of protection from magic {MR+, !d}

@: heroism, finesse, corroded
A: retaliatory headbutt, horns 2, berserk 1, blink, blurry vision 2, clumsy 2,
deformed body, deterioration 1, frail 2, low mp 1, weak 1, subdued magic 1,
MP-powered wands
a: Blink, Heroism, Finesse, Renounce Religion, Evoke Flight


You were on level 5 of the Pits of Slime.
You worshipped Okawaru.
Okawaru was extremely pleased with you.
You were not hungry.

You visited 4 branches of the dungeon, and saw 28 of its levels.
You visited the Abyss 1 time.
You also visited: Labyrinth.

You collected 2749 gold pieces.
You spent 26 gold pieces at shops.

Inventory:

Hand Weapons
 O - the +6 flail "Jimal" {protect, Dex+3}
   (You found it on level 8 of the Dungeon)

   It protects the one who uses it against injury (+AC on strike).
   It affects your dexterity (+3).
 S - the +6 war axe "Gaxkeaf" (weapon) {freeze, +Fly rC++}
   (You found it on level 1 of the Lair of Beasts)

   It has been specially enchanted to freeze those struck by it, causing extra
   injury to most foes and up to half again as much damage against particularly
   susceptible opponents.
   It can also slow down cold-blooded creatures.
   It greatly protects you from cold.
   It lets you fly.
Missiles
 d - 7 javelins of returning (quivered)
Armour
 j - the +2 pair of boots of the Assassin (worn) {DetectMon Stab+ Stlth++}
   (Okawaru gifted it to you on level 2 of the Orcish Mines)

   It makes you much more stealthy.
 n - +0 acid dragon scales (worn)
   (You found it on level 10 of the Dungeon)
 y - a +0 buckler of protection (worn)
   (Okawaru gifted it to you on level 11 of the Dungeon)
 I - a +2 cloak of magic resistance (worn)
   (Okawaru gifted it to you on level 4 of the Lair of Beasts)
 J - a +2 pair of gloves (worn)
   (You found it on level 9 of the Dungeon)
 V - the +10 plate armour "Ecveutwo" {Dex+4}
   (Okawaru gifted it to you on level 5 of the Lair of Beasts)

   It affects your dexterity (+4).
 X - a +2 hat of magic resistance (worn)
   (Okawaru gifted it to you on level 6 of the Lair of Beasts)
Jewellery
 g - an amulet of guardian spirit (around neck) {Spirit}
   (You found it on level 4 of the Dungeon)
 u - a ring of protection from magic (left hand) {MR+, !d}
   (You found it on level 13 of the Dungeon)
 C - a ring of see invisible (right hand) {sInv, !d}
   (You found it on level 5 of the Dungeon)
Wands
 v - a wand of disintegration (14/24)
   (You found it on level 7 of the Dungeon)
 U - a wand of disintegration (8/24)
   (You found it on level 6 of the Lair of Beasts)
 W - a wand of digging (16/24)
   (You found it on level 5 of the Lair of Beasts)
 Z - a wand of disintegration (10/24)
   (You found it on level 15 of the Dungeon)
Scrolls
 a - 2 scrolls of enchant armour
 c - 4 scrolls of magic mapping {!r}
 e - 2 scrolls of enchant weapon
 h - 2 scrolls of amnesia
 k - 5 scrolls of recharging
 q - 4 scrolls of teleportation
 r - 5 scrolls of remove curse
 x - 3 scrolls of acquirement
 D - 4 scrolls of fear
 K - a scroll of brand weapon
 T - 3 scrolls of identify
Potions
 b - a potion of cancellation
 i - 6 potions of curing
 m - 5 potions of agility
 t - 3 potions of resistance
 A - 2 potions of haste
 B - 2 potions of brilliance
 F - 4 potions of berserk rage {!q}
 L - a potion of magic
 M - 3 potions of invisibility
 P - 2 potions of might
 R - 6 potions of flight
Comestibles
 f - 14 bread rations
 s - 41 fruits
 z - 9 meat rations
 Y - 8 royal jellies


   Skills:
 + Level 20.1(25.1) Fighting
 * Level 22.1(27) Axes
 + Level 11.6(16.6) Armour
 + Level 10.1(15.1) Dodging
 - Level 3.6(8.6) Shields
 + Level 11.2 Invocations


You had 16 spell levels left.
You didn't know any spells.

Dungeon Overview and Level Annotations

Branches:
Dungeon (15/15)            Temple (0/1) D:6            Lair (6/6) D:11
  Swamp (0/4) Lair:4        Snake (0/4) Lair:2        Slime (5/5) Lair:5
    Orc (2/2) D:10            Elf (0/3) Orc:2        Vaults (0/5) D:14
 Depths (0/5) D:15

Altars:
Ashenzari
Fedhas
Kikubaaqudgha
Makhleb
Okawaru
Qazlal
Yredelemnul
The Shining One
Jiyva

Shops:
D:5 }   D:14 *   Orc:1 [   Orc:2 (=[*

Annotations:
D:6 1 runed door
Lair:4 exclusion: oklob plant
Slime:5 Royal Jelly


Innate Abilities, Weirdness & Mutations

You reflexively headbutt those who attack you in melee.
You have a pair of horns on your head.
You tend to lose your temper in combat.
You can translocate small distances at will.
Scrolls take you longer to read.
You are very clumsy. (Dex -4)
Armour fits poorly on your strangely shaped body.
Your body sometimes deteriorates upon taking damage.
You are very frail. (-20% HP)
Your magical capacity is low. (-10% MP)
You are weak. (Str -2)
Your spells are a little easier to cast, but a little less powerful.
You expend magic power (3 MP) to strengthen your wands.


Message History

The Royal Jelly comes into view.
A slime creature and a golden eye come into view.
The Royal Jelly quivers.
The slime creature moves out of view.
Found a viscous altar of Jiyva.
A slime creature comes into view.
You block the Royal Jelly's attack. The Royal Jelly completely misses you.
The golden eye turns its gaze towards you.
The slime creature quivers.
The slime creature quivers.
You slash the Royal Jelly! You freeze the Royal Jelly.
Your hands burn!
You headbutt the Royal Jelly.
The Royal Jelly is lightly wounded.
You slash the golden eye! You freeze the golden eye.
You kill the golden eye!
Okawaru accepts your kill.
The Royal Jelly shudders.
The Royal Jelly spits out another jelly.
A death ooze comes into view.
You slice the Royal Jelly!! You freeze the Royal Jelly.
Your hands burn!
The Royal Jelly is lightly wounded.
The Royal Jelly shudders vigorously.
The Royal Jelly spits out two more jellies.
The Royal Jelly hits you.
You are splashed with acid!
The acid burns!
You resist. The Royal Jelly misses you.
You slash the Royal Jelly! You freeze the Royal Jelly.
Your hands burn!
The Royal Jelly is moderately wounded.
You hit the acid blob. You freeze the acid blob.
Your hands burn!
The Royal Jelly shudders.
The Royal Jelly spits out another jelly.
A slime creature comes into view.
You slash the Royal Jelly! You freeze the Royal Jelly.
Your hands burn!
The Royal Jelly is moderately wounded.
You slash the acid blob! You freeze the acid blob. The acid corrodes you!
Your hands burn!
The Royal Jelly shudders.
The Royal Jelly spits out another jelly.
The Royal Jelly hits you!!
Your body deteriorates!
You feel clumsy.
You are splashed with acid!
The acid burns!
You resist. The Royal Jelly hits you!
You are splashed with acid!
The acid burns!
You resist. The acid blob hits you!!
Your body deteriorates!
You feel clumsy.
You are splashed with acid!
The acid burns!
You resist.
You slice the Royal Jelly!! You freeze the Royal Jelly!
Your hands burn!
The Royal Jelly is heavily wounded.
You slice the acid blob!! You freeze the acid blob!
Your hands burn!
The Royal Jelly shudders vigorously.
The Royal Jelly spits out two more jellies.
You hit the Royal Jelly. You freeze the Royal Jelly.
Your hands burn!
The Royal Jelly is heavily wounded.
You hit the acid blob. You freeze the acid blob.
Your hands burn!
The Royal Jelly shudders.
The Royal Jelly spits out another jelly.
The Royal Jelly closely misses you. The Royal Jelly misses you.
You slash the Royal Jelly! You freeze the Royal Jelly.
Your hands burn!
The Royal Jelly is heavily wounded.
You barely miss the acid blob.
The Royal Jelly shudders vigorously.
The Royal Jelly spits out two more jellies.
The acid blob spits acid at you. The splash of acid hits you!
The acid corrodes you!
You are splashed with acid!
The acid burns!
You resist.
A death ooze comes into view.
You hit the Royal Jelly but do no damage.
Your hands burn!
The Royal Jelly is heavily wounded.
You hit the acid blob. You freeze the acid blob.
Your hands burn!
You hit the death ooze. You hit the azure jelly. You freeze the azure jelly.
The Royal Jelly hits you but does no damage. x2
You hit the Royal Jelly but do no damage.
Your hands burn!
You headbutt the Royal Jelly!
The Royal Jelly is heavily wounded.
You hit the azure jelly but do no damage.
The Royal Jelly shudders.
The Royal Jelly spits out another jelly.
You hit the death ooze. You slash the acid blob! You freeze the acid blob.
Your hands burn!
The acid blob spits acid at you. The splash of acid hits you! You resist.
* * * LOW HITPOINT WARNING * * *
You are splashed with acid!
The acid burns!
You resist.
* * * LOW HITPOINT WARNING * * *
You slice the Royal Jelly!! You freeze the Royal Jelly.
Your hands burn!
* * * LOW HITPOINT WARNING * * *
The Royal Jelly is severely wounded.
You slash the azure jelly! You freeze the azure jelly.
The Royal Jelly shudders vigorously.
The Royal Jelly spits out two more jellies.
You slice the death ooze!! You freeze the death ooze. You slash the acid blob!
You freeze the acid blob.
Your hands burn!
* * * LOW HITPOINT WARNING * * *
You block the death ooze's attack. The death ooze misses you.
The azure jelly hits you.
* * * LOW HITPOINT WARNING * * *
The azure jelly freezes you! You resist.
* * * LOW HITPOINT WARNING * * *
The azure jelly closely misses you. The azure jelly misses you.
The azure jelly closely misses you.
The death ooze jiggles.
The Royal Jelly hits you!!!
You die...

.......... .......... #
.......... #J #.........
. #...^..... ##J
#.........
##JJ#########.........
..#JJJJ#JJ.#............
#JJJJJJ@J#...#..........
####JJ########..........
##{ ##......... {
#......... #..........
##..........
##...........
##............ .........
###.............


You could see the Royal Jelly, 4 acid blobs, 5 azure jellies, 3 slime creatures
and 6 death oozes.

Vanquished Creatures
  Dissolution (Slime:2)
  A lich (Abyss:1)
  Rupert (D:12)
  6 acid blobs
  2 tentacled starspawn
  5 azure jellies
  2 orc warlords (Orc:2)
  A cacodemon (Abyss:1)
  The ghost of CanOfBees the Cleaver, a journeyman MiFi of the Shining One (Lair:3)
  Nessos (D:15)
  A lorocyproca (Abyss:1)
  A minotaur (Lab)
  4 great orbs of eyes
  Josephine (Orc:1)
  2 vault guards (D:14)
  2 ice dragons (D:15)
  A catoblepas (Lair:6)
  12 hydras
  3 alligators (Lair:4)
  4 centaur warriors
  6 death yaks (Lair:6)
  3 orc high priests (Orc:2)
  2 thrashing horrors (Abyss:1)
  A tengu warrior (D:15)
  A deep troll shaman (Lair:6)
  An unseen horror (D:13)
  4 wizards
  6 hill giants
  2 swamp dragons (Lair:4)
  5 orc knights
  2 deep elf magi
  A wolf spider zombie (D:15)
  2 necromancers (D:14)
  7 ugly things
  5 orc sorcerers
  11 shining eyes
  3 cyclopes
  2 manticores
  3 black mambas
  An apocalypse crab (Abyss:1)
  3 eyes of devastation
  A centaur zombie (D:11)
  An orange demon (Abyss:1)
  13 elephants
  2 smoke demons (Abyss:2)
  A gargoyle (D:13)
  2 rime drakes (Lair:5)
  9 spiny frogs
  A yaktaur (D:14)
  2 efreet
  3 hellwings (D:14)
  6 komodo dragons
  A minotaur zombie (Lab)
  A queen bee (D:12)
  A tengu conjurer (D:15)
  4 polar bears
  3 meliai (D:12)
  10 trolls
  2 two-headed ogres
  14 blink frogs
  A wind drake (shapeshifter) (D:13)
  13 dream sheep
  A two-headed ogre (shapeshifter) (D:11)
  79 slime creatures
  A meliai zombie (D:15)
  14 hippogriffs
  A shadow (D:13)
  2 redbacks (Lab)
  51 yaks
  3 wyverns
  6 wraiths
  17 humans (D:14)
  A ynoxinul (Abyss:1)
  4 basilisks
  6 golden eyes
  A vampire mosquito (D:11)
  2 hungry ghosts
  A swamp worm (Lair:4)
  6 wargs
  2 acid dragons
  8 water moccasins
  Duvessa (D:5)
  6 porcupines
  2 swamp drakes (Lair:4)
  3 black bears
  7 sky beasts
  6 ice beasts
  54 orc warriors
  15 ogres
  A necrophage (D:11)
  6 eyes of draining
  A phantom (D:14)
  23 wolves
  14 centaurs
  14 crocodiles
  20 bullfrogs
  A gnoll sergeant (D:11)
  2 big kobolds
  A wyvern zombie (D:8)
  Dowan (D:5)
  2 wyvern skeletons
  5 scorpions
  24 killer bees
  2 vampire bats (D:7)
  5 wights (D:10)
  7 howler monkeys
  2 electric eels
  10 crimson imps
  6 jellies
  2 quasits
  7 starcursed masses (Abyss:1)
  A bullfrog skeleton (D:10)
  3 bullfrog zombies
  13 hounds
  40 orc priests
  A centaur skeleton (D:9)
  An iron imp (Abyss:1)
  7 iguanas
  40 orc wizards
  3 hell rats
  16 worker ants
  2 small abominations (Abyss:1)
  2 hound skeletons
  A howler monkey zombie (D:11)
  2 worker ant zombies
  7 gnolls
  A howler monkey skeleton (D:10)
  13 adders
  8 river rats (Lair:3)
  2 shadow imps
  3 adder skeletons (D:4)
  2 worms
  3 dart slugs
  8 leopard geckos
  139 orcs
  2 ball pythons
  7 bats
  A bat skeleton (D:7)
  6 bat zombies (D:7)
  11 giant cockroaches
  3 goblins
  6 hobgoblins
  9 jackals
  9 quokkas
  A frilled lizard (D:2)
  9 kobolds
  A leopard gecko skeleton (D:9)
  A leopard gecko zombie (D:8)
  10 rats
  2 bushes (Lair:5)
  A butterfly (D:6)
  2 fungi
  13 plants
  4 starspawn tentacles
1086 creatures vanquished.

Vanquished Creatures (others)
  A small abomination (D:14)
  An orc (Orc:2)
  11 fungi
  11 plants
  11 starspawn tentacles
35 creatures vanquished.

Grand Total: 1121 creatures vanquished

Notes
Turn   | Place    | Note
-------+----------+-------------------------------------------
     0 | D:1      | tboon the Minotaur Fighter began the quest for the Orb.
     0 | D:1      | Reached XP level 1. HP: 19/19 MP: 0/0
    63 | D:1      | Reached skill level 4 in Fighting
    63 | D:1      | Reached XP level 2. HP: 27/27 MP: 1/1
   281 | D:1      | Reached skill level 3 in Axes
   472 | D:2      | Reached XP level 3. HP: 33/34 MP: 2/2
   743 | D:2      | Reached skill level 5 in Fighting
   743 | D:2      | Reached skill level 4 in Axes
   743 | D:2      | Reached XP level 4. HP: 42/42 MP: 3/3
  1732 | D:4      | Reached XP level 5. HP: 23/49 MP: 4/4
  1735 | D:4      | Reached skill level 5 in Axes
  1745 | D:4      | Reached skill level 6 in Fighting
  1848 | D:4      | Reached XP level 6. HP: 55/58 MP: 5/5
  1918 | D:4      | Reached skill level 6 in Axes
  1958 | D:4      | Reached skill level 7 in Fighting
  2238 | D:4      | Reached XP level 7. HP: 56/66 MP: 6/6
  2592 | D:5      | Entered Level 5 of the Dungeon
  2659 | D:5      | Reached skill level 7 in Axes
  2781 | D:5      | Found a stormy altar of Qazlal.
  2845 | D:5      | Found an iron altar of Okawaru.
  2854 | D:5      | Became a worshipper of Warmaster Okawaru
  2937 | D:5      | Noticed Duvessa
  2938 | D:5      | Noticed Dowan
  2938 | D:5      | Found Juro's Gadget Boutique.
  2947 | D:5      | Killed Duvessa
  2947 | D:5      | Reached skill level 8 in Fighting
  2959 | D:5      | Killed Dowan
  3352 | D:6      | Reached * piety under Okawaru
  3383 | D:6      | Reached skill level 8 in Axes
  3385 | D:6      | Found a staircase to the Ecumenical Temple.
  3434 | D:6      | Reached XP level 8. HP: 77/77 MP: 7/7
  3477 | D:6      | Reached skill level 9 in Fighting
  3607 | D:6      | Found a runed door.
  3629 | D:6      | Found a runed door.
  3799 | D:6      | Found a burning altar of Makhleb.
  3800 | D:6      | Found a blossoming altar of Fedhas.
  3802 | D:6      | Found a shattered altar of Ashenzari.
  3941 | D:7      | Reached ** piety under Okawaru
  3941 | D:7      | Reached skill level 9 in Axes
  3999 | D:7      | Reached skill level 10 in Fighting
  4052 | D:7      | Noticed a hippogriff
  4063 | D:7      | Killed a hippogriff
  4114 | D:7      | Reached *** piety under Okawaru
  4114 | D:7      | Reached skill level 10 in Axes
  4194 | D:7      | Reached XP level 9. HP: 86/86 MP: 8/8
  4272 | D:7      | Found a glowing golden altar of the Shining One.
  4274 | D:7      | Noticed an angel
  4293 | D:7      | Found a basalt altar of Yredelemnul.
  4306 | D:7      | Reached skill level 11 in Fighting
  4374 | D:7      | Found an ancient bone altar of Kikubaaqudgha.
  4477 | D:7      | You fall through a shaft for 3 floors!
  4477 | D:10     | Entered Level 10 of the Dungeon
  4508 | D:10     | Reached skill level 11 in Axes
  4518 | D:10     | Reached **** piety under Okawaru
  4619 | D:10     | Noticed a troll
  4884 | D:9      | Reached skill level 12 in Fighting
  5154 | D:7      | Reached skill level 12 in Axes
  5270 | D:8      | Reached XP level 10. HP: 98/99 MP: 9/9
  5598 | D:8      | Got a warped flail
  6336 | D:9      | Reached skill level 13 in Fighting
  6346 | D:9      | Reached ***** piety under Okawaru
  6701 | D:9      | Identified the +6 flail "Jimal" {protect, Dex+3} (You found it on level 8 of the Dungeon)
  6744 | D:10     | Received a gift from Okawaru
  6858 | D:10     | Reached skill level 13 in Axes
  7024 | D:10     | Found a staircase to the Orcish Mines.
  7396 | D:10     | Reached skill level 14 in Fighting
  7579 | D:11     | Noticed a cyan ugly thing
  7589 | D:11     | Killed a cyan ugly thing
  7589 | D:11     | Reached skill level 14 in Axes
  7589 | D:11     | Reached XP level 11. HP: 104/110 MP: 10/10
  7601 | D:11     | Noticed a four-headed hydra
  7608 | D:11     | Received a gift from Okawaru
  7615 | D:11     | Killed a four-headed hydra
  7994 | D:11     | Noticed a cyan ugly thing
  8005 | D:11     | Killed a cyan ugly thing
  8338 | D:11     | Noticed a hill giant
  8346 | D:11     | Killed a hill giant
  8346 | D:11     | Reached skill level 15 in Fighting
  8475 | D:11     | Found a staircase to the Lair.
  8500 | D:11     | Reached skill level 15 in Axes
  8798 | Lair:1   | Entered Level 1 of the Lair of Beasts
  9192 | Lair:1   | Got a slimy war axe
  9874 | Lair:1   | Identified the +6 war axe "Gaxkeaf" {freeze, +Fly rC++} (You found it on level 1 of the Lair of Beasts)
 10227 | Lair:2   | Noticed a four-headed hydra
 10236 | Lair:2   | Killed a four-headed hydra
 10236 | Lair:2   | Received a gift from Okawaru
 10236 | Lair:2   | Reached skill level 16 in Fighting
 10236 | Lair:2   | Reached XP level 12. HP: 108/122 MP: 11/11
 10309 | Lair:2   | Reached skill level 16 in Axes
 10669 | Lair:2   | Found a staircase to the Snake Pit.
 11191 | Lair:3   | Noticed a four-headed hydra
 11205 | Lair:3   | Killed a four-headed hydra
 11327 | Lair:3   | Noticed an eight-headed hydra
 11339 | Lair:3   | Killed an eight-headed hydra
 11621 | Lair:3   | Noticed CanOfBees's ghost (journeyman MiFi)
 11729 | Lair:3   | Reached skill level 17 in Fighting
 11915 | Lair:3   | Killed CanOfBees's ghost
 11915 | Lair:3   | Reached skill level 17 in Axes
 12304 | Lair:3   | Reached skill level 1 in Invocations
 12402 | Lair:4   | Noticed a six-headed hydra
 12417 | Lair:3   | Killed a six-headed hydra
 12563 | Lair:4   | Reached skill level 2 in Invocations
 12610 | Lair:4   | Noticed a five-headed hydra
 12636 | Lair:4   | Killed a five-headed hydra
 12636 | Lair:4   | Reached ****** piety under Okawaru
 12640 | Lair:4   | Reached skill level 3 in Invocations
 12640 | Lair:4   | Reached XP level 13. HP: 85/133 MP: 14/14
 12814 | Lair:4   | Got a vibrating ivory ring
 12820 | Lair:4   | Found a staircase to the Swamp.
 13018 | Lair:4   | Received a gift from Okawaru
 13629 | Lair:4   | Reached skill level 4 in Invocations
 14583 | Lair:4   | Identified the ring of the Echidna {AC+3 Dex+2} (You found it on level 4 of the Lair of Beasts)
 14664 | Lair:5   | Reached skill level 5 in Invocations
 14784 | Lair:5   | Reached skill level 18 in Axes
 14802 | Lair:5   | Reached skill level 18 in Fighting
 15445 | Lair:5   | Found a viscous altar of Jiyva.
 15445 | Lair:5   | Found a staircase to the Slime Pits.
 15502 | Lair:5   | Reached skill level 6 in Invocations
 15555 | Lair:5   | Received a gift from Okawaru
 15560 | Lair:5   | Got a translucent plate armour {god gift}
 15572 | Lair:5   | Identified the +10 plate armour "Ecveutwo" {Dex+4} (Okawaru gifted it to you on level 5 of the Lair of Beasts)
 15963 | Lair:6   | Entered Level 6 of the Lair of Beasts
 16034 | Lair:6   | Reached skill level 4 in Armour
 16035 | Lair:6   | Reached skill level 1 in Dodging
 16145 | Lair:6   | Reached skill level 7 in Invocations
 16145 | Lair:6   | Reached XP level 14. HP: 121/144 MP: 16/18
 16151 | Lair:6   | Reached skill level 2 in Dodging
 16399 | Lair:6   | Reached skill level 5 in Armour
 16976 | Lair:6   | Reached skill level 3 in Dodging
 17061 | Lair:6   | Reached skill level 19 in Axes
 17115 | Lair:6   | Received a gift from Okawaru
 17527 | Orc:1    | Entered Level 1 of the Orcish Mines
 17546 | Orc:1    | Reached skill level 6 in Armour
 17572 | Orc:1    | Found Ithi Aph's Armour Emporium.
 17840 | Orc:1    | Noticed Josephine
 17842 | Orc:1    | Reached skill level 4 in Dodging
 17850 | Orc:1    | Killed Josephine
 18159 | Orc:2    | Entered Level 2 of the Orcish Mines
 18166 | Orc:2    | Noticed an orc warlord
 18192 | Orc:2    | Killed an orc warlord
 18192 | Orc:2    | Reached skill level 8 in Invocations
 18193 | Orc:2    | Noticed an orc warlord
 18511 | Orc:2    | Found a labyrinth entrance.
 18561 | Orc:2    | Found a burning altar of Makhleb.
 18582 | Orc:2    | Reached skill level 7 in Armour
 18586 | Lab      | Entered a labyrinth
 18932 | Lab      | Reached skill level 5 in Dodging
 18969 | Lab      | Identified a +8 rod of ignition (12/12) (You found it in a labyrinth)
 18975 | Lab      | Identified 3 scrolls of acquirement
 19017 | Orc:2    | Found a staircase to the Elven Halls.
 19181 | Orc:2    | HP: 29/144 [orc knight/halberd (13)]
 19186 | Orc:2    | HP: 25/144 [poisoned by an orange demon]
 19191 | Orc:1    | HP: 23/144 [poisoned by an orange demon]
 19196 | Orc:1    | HP: 22/144 [poisoned by an orange demon]
 19201 | Orc:1    | HP: 22/144 [poisoned by an orange demon]
 19208 | Orc:1    | HP: 22/144 [poisoned by an orange demon]
 19216 | Orc:1    | HP: 23/144 [poisoned by an orange demon]
 19639 | Orc:2    | Reached XP level 15. HP: 121/151 MP: 15/20
 19661 | Orc:2    | Killed an orc warlord
 19661 | Orc:2    | Received a gift from Okawaru
 19809 | Orc:2    | Found Ifeil's General Store.
 19810 | Orc:2    | Found Misyavatt's Jewellery Shoppe.
 19812 | Orc:2    | Found Ruwepecite's Antique Armour Shoppe.
 19812 | Orc:2    | Found Enle's Antique Weapon Emporium.
 20148 | D:12     | Reached skill level 19 in Fighting
 20295 | D:12     | Noticed Rupert
 20313 | D:12     | Killed Rupert
 20416 | D:12     | Reached skill level 6 in Dodging
 20423 | D:12     | Reached skill level 8 in Armour
 20426 | D:12     | Reached skill level 20 in Axes
 21365 | D:13     | Reached skill level 9 in Invocations
 22441 | D:14     | Cast into level 1 of the Abyss (orc warrior)
 22601 | Abyss:1  | Noticed a tentacled starspawn
 22622 | Abyss:1  | Gained mutation: You are clumsy. (Dex -2) [a cacodemon]
 22668 | Abyss:1  | Killed a tentacled starspawn
 22668 | Abyss:1  | Received a gift from Okawaru
 22849 | Abyss:1  | Paralysed by you for 5 turns
 22881 | Abyss:1  | Noticed a lich
 22904 | Abyss:1  | Killed a lich
 22904 | Abyss:1  | Reached skill level 7 in Dodging
 22994 | Abyss:2  | Noticed a tentacled starspawn
 23083 | Abyss:2  | Noticed a tentacled starspawn
 23083 | Abyss:2  | HP: 34/152 [smoke demon/ball of steam (27)]
 23093 | Abyss:2  | Killed a tentacled starspawn
 23093 | Abyss:2  | Reached skill level 9 in Armour
 23096 | Abyss:2  | HP: 38/152 [small abomination (3)]
 23098 | D:14     | Escaped the Abyss
 23098 | D:14     | HP: 18/152 [orc warrior/dire flail of distortion (20)]
 23110 | D:14     | HP: 1/152 [manticore/volley of spikes (15)]
 23669 | D:14     | Found Wiph's General Store.
 23698 | D:14     | Bought a scroll of identify for 26 gold pieces
 24272 | D:14     | Found a gate to the Vaults.
 24283 | D:14     | Reached XP level 16. HP: 159/161 MP: 17/22
 24570 | D:15     | Entered Level 15 of the Dungeon
 24607 | D:15     | Received a gift from Okawaru
 24608 | D:15     | Got a faintly humming chain mail {god gift}
 24889 | D:15     | Reached skill level 10 in Invocations
 24909 | D:15     | Noticed Nessos
 24926 | D:15     | Reached skill level 8 in Dodging
 24954 | D:15     | Killed Nessos
 25178 | D:15     | Reached skill level 21 in Axes
 25188 | D:15     | Found a staircase to the Depths.
 25546 | D:15     | Identified the +0 chain mail of Royalty {rC++} (Okawaru gifted it to you on level 15 of the Dungeon)
 26089 | Slime:1  | Entered Level 1 of the Pits of Slime
 26089 | Slime:1  | Noticed an acid blob
 26094 | Slime:1  | Killed an acid blob
 26136 | Slime:1  | Reached skill level 10 in Armour
 26141 | Slime:1  | Gained mutation: You are frail. (-10% HP) [a shining eye]
 26143 | Slime:1  | Gained mutation: You tend to lose your temper in combat. [a shining eye]
 26144 | Slime:1  | Gained mutation: You are very frail. (-20% HP) [a shining eye]
 26145 | Slime:1  | Gained mutation: Your magical capacity is low. (-10% MP) [a shining eye]
 26147 | Slime:1  | Gained mutation: You expend magic power (3 MP) to strengthen your wands. [a shining eye]
 26275 | Slime:1  | Gained mutation: Scrolls take you a little longer to read. [a shining eye]
 26297 | Slime:1  | Gained mutation: Your spells are a little easier to cast, but a little less powerful. [a shining eye]
 26571 | Slime:2  | Noticed an acid blob
 26578 | Slime:2  | Noticed an acid blob
 26582 | Slime:2  | Killed an acid blob
 26591 | Slime:2  | HP: 29/129 [acid (5)]
 26593 | Slime:2  | Killed an acid blob
 26988 | Slime:2  | Noticed Dissolution
 27006 | Slime:2  | Killed Dissolution
 27006 | Slime:2  | Received a gift from Okawaru
 27006 | Slime:2  | Reached skill level 9 in Dodging
 27583 | Slime:2  | Gained mutation: You can translocate small distances at will. [a shining eye]
 27680 | Slime:3  | Gained mutation: Scrolls take you longer to read. [a shining eye]
 27685 | Slime:3  | Received a gift from Okawaru
 27685 | Slime:3  | Reached skill level 11 in Armour
 27686 | Slime:3  | Got a jewelled hunting sling {god gift}
 27713 | Slime:3  | Noticed an acid blob
 27725 | Slime:3  | Killed an acid blob
 28130 | Slime:2  | Reached XP level 17. HP: 108/136 MP: 18/21
 28282 | Slime:3  | Reached skill level 11 in Invocations
 28361 | Slime:3  | Gained mutation: You are weak. (Str -2) [a shining eye]
 28363 | Slime:3  | Gained mutation: You are very clumsy. (Dex -4) [a shining eye]
 28368 | Slime:3  | Noticed an acid blob
 28383 | Slime:3  | Reached skill level 20 in Fighting
 28384 | Slime:3  | Killed an acid blob
 28557 | Slime:3  | Received a gift from Okawaru
 28763 | Slime:3  | Reached skill level 10 in Dodging
 29075 | Slime:4  | Reached skill level 22 in Axes
 29282 | Slime:4  | Gained mutation: Your body sometimes deteriorates upon taking damage. [a shining eye]
 29287 | Slime:4  | Gained mutation: Armour fits poorly on your strangely shaped body. [a shining eye]
 29344 | Slime:5  | Entered Level 5 of the Pits of Slime
 29390 | Slime:5  | Noticed an acid blob
 29399 | Slime:5  | Killed an acid blob
 29588 | Slime:5  | Noticed the Royal Jelly
 29590 | Slime:5  | Found a viscous altar of Jiyva.
 29593 | Slime:5  | Noticed an acid blob
 29594 | Slime:5  | Noticed an acid blob
 29601 | Slime:5  | HP: 34/136 [acid (2)]
 29601 | Slime:5  | Noticed an acid blob
 29601 | Slime:5  | Demolished by the Royal Jelly

Vault maps used:
D:1:      saegor_arrival_simple_f, minivault_23
D:2:      minivault_27
D:3:      kennysheep_another_room
D:5:      basic_altar, serial_shops, shop, first_bread, grunt_qazlal_sundering,
          uniq_duvessa
D:6:      lemuel_insect_pit, nicolae_overflow_hidden_temple
D:7:      grunt_temple_overflow_holy_war, kennysheep_vampire_church
D:10:     erik_orc_4, blue_anna_alchemist
D:11:     lair_entry_dummy, minivault_28
D:12:     special_room, uniq_rupert
D:14:     grunt_vaults_entry_tiered, serial_shops, nicolae_shop_statue_plus,
          roderic_lattice_octagonal_star, hangedman_abyss_or_decor_slice
D:15:     grunt_enter_depths_hoard, minmay_tree_intersection, uniq_nessos
Lair:1:   minmay_holes, serial_bayou_pond_c, nicolae_lair_grove_arrangements,
          minmay_hedge_maze, serial_bayou_shore_b
Lair:2:   dummy_snake_entry, infiniplex_staircase_pool, serial_bayou_shore_b,
          lemuel_fruit_tree
Lair:3:   kennysheep_abandoned_house
Lair:4:   onia_ninara_swampy_vault, swamp_mist, grunt_megastairs_2,
          minmay_lair_oklob_chamber, serial_bayou_shore_b, lemuel_fruit_fields
Lair:5:   dpeg_slime_entry_enclosed_altar, serial_forest,
          infiniplex_forest_clump_double, infiniplex_forest_lined_2,
          infiniplex_forest_lined_room_2, infiniplex_forest_lined_2,
          infiniplex_forest_join, infiniplex_forest_end_2,
          infiniplex_forest_clump_tiny, infiniplex_forest_lined_room_,
          infiniplex_forest_lined_room_
Lair:6:   grunt_lair_end_beastmaster
Slime:2:  uniq_dissolution
Orc:1:    serial_shops, nicolae_shop_temple_entry_statues_fountains,
          uniq_josephine
Orc:2:    st_orc_congregation, lab_entry_generic, david_defended_altar_orc
Lab:      labyrinth_hidden_loot, nicolae_lab_swirl, nicolae_lab_very_dead_end

Skill      XL: |  1  2  3  4  5  6  7  8  9 10 11 12 13 14 15 16 17 |
---------------+----------------------------------------------------+-----
Fighting       | 4 5 6 7 8 10 12 14 16 17 18 19 20 | 20.1
Axes           | 3 4 5 6 8 10 12 14 15 17 18 19 20 21 22 | 22.1
Invocations    | 3 7 8 9 10 11 | 11.2
Armour         | 4 7 9 11 | 11.6
Dodging        | 1 5 7 9 10 | 10.1
Shields        | |  3.6

Action                   |  1- 3 |  4- 6 |  7- 9 | 10-12 | 13-15 | 16-18 || total
-------------------------+-------+-------+-------+-------+-------+-------++-------
Melee: War axe           |    51 |    98 |   268 |   271 |  1134 |   487 ||  2309
       Headbutt          |     9 |    10 |    48 |   148 |   305 |   149 ||   669
       Punch             |       |       |     1 |     2 |       |       ||     3
       Battleaxe         |       |       |       |   313 |       |       ||   313
       Flail             |       |       |       |    69 |    57 |       ||   126
Throw: Javelin           |       |       |       |       |       |     1 ||     1
Invok: Heroism           |       |       |     1 |     6 |    19 |     7 ||    33
       Finesse           |       |       |       |     3 |    13 |     6 ||    22
  Use: Scroll            |       |     5 |     6 |    14 |    12 |       ||    37
       Potion            |       |       |     1 |     1 |     5 |       ||     7
 Stab: Distracted        |       |       |       |       |     1 |       ||     1
       Sleeping          |       |       |       |       |       |     5 ||     5
  Eat: Chunk             |       |     4 |    10 |    18 |    26 |     6 ||    64
       Fruit             |       |       |     1 |     3 |     2 |       ||     6
       Beef jerky        |       |       |       |     2 |     6 |     3 ||    11
       Royal jelly       |       |       |       |     1 |       |     3 ||     4
       Pizza             |       |       |       |       |       |     1 ||     1
Armor: Scale mail        |    21 |       |       |       |       |       ||    21
       Troll leather arm |     4 |    33 |   137 |    86 |       |       ||   260
       Plate armour      |       |       |       |   416 |   695 |   114 ||  1225
       Acid dragon scale |       |       |       |       |       |    98 ||    98
Dodge: Dodged            |    33 |    47 |   154 |   241 |   372 |   197 ||  1044
Block: Buckler           |       |       |       |       |   212 |    59 ||   271

Vault maps used:
D:1:      saegor_arrival_simple_f, minivault_23
D:2:      minivault_27
D:3:      kennysheep_another_room
D:5:      basic_altar, serial_shops, shop, first_bread, grunt_qazlal_sundering,
          uniq_duvessa
D:6:      lemuel_insect_pit, nicolae_overflow_hidden_temple
D:7:      grunt_temple_overflow_holy_war, kennysheep_vampire_church
D:10:     erik_orc_4, blue_anna_alchemist
D:11:     lair_entry_dummy, minivault_28
D:12:     special_room, uniq_rupert
D:14:     grunt_vaults_entry_tiered, serial_shops, nicolae_shop_statue_plus,
          roderic_lattice_octagonal_star, hangedman_abyss_or_decor_slice
D:15:     grunt_enter_depths_hoard, minmay_tree_intersection, uniq_nessos
Lair:1:   minmay_holes, serial_bayou_pond_c, nicolae_lair_grove_arrangements,
          minmay_hedge_maze, serial_bayou_shore_b
Lair:2:   dummy_snake_entry, infiniplex_staircase_pool, serial_bayou_shore_b,
          lemuel_fruit_tree
Lair:3:   kennysheep_abandoned_house
Lair:4:   onia_ninara_swampy_vault, swamp_mist, grunt_megastairs_2,
          minmay_lair_oklob_chamber, serial_bayou_shore_b, lemuel_fruit_fields
Lair:5:   dpeg_slime_entry_enclosed_altar, serial_forest,
          infiniplex_forest_clump_double, infiniplex_forest_lined_2,
          infiniplex_forest_lined_room_2, infiniplex_forest_lined_2,
          infiniplex_forest_join, infiniplex_forest_end_2,
          infiniplex_forest_clump_tiny, infiniplex_forest_lined_room_,
          infiniplex_forest_lined_room_
Lair:6:   grunt_lair_end_beastmaster
Slime:2:  uniq_dissolution
Orc:1:    serial_shops, nicolae_shop_temple_entry_statues_fountains,
          uniq_josephine
Orc:2:    st_orc_congregation, lab_entry_generic, david_defended_altar_orc
Lab:      labyrinth_hidden_loot, nicolae_lab_swirl, nicolae_lab_very_dead_end

Table legend:
 A = Turns spent in this place as a percentage of turns spent in the entire game.
 B = Non-inter-level travel turns spent in this place as a percentage of non-inter-level travel turns spent in the entire game.
 C = Inter-level travel turns spent in this place as a percentage of turns spent in this place.
 D = Turns resting spent in this place as a percentage of non-inter-level travel turns spent in this place.
 E = Turns spent auto-exploring this place as a percentage of non-inter-level travel turns spent in this place.
 F = Non-inter-level travel turns spent in this place divided by the number of levels of this place that you've seen.
                   A       B       C       D       E      F
               +-------+-------+-------+-------+-------+----------------------
         Total | 100.0 | 100.0 |   0.6 |   4.0 |   7.6 | 245.7
       Dungeon |  44.2 |  44.1 |   0.9 |   3.3 |  10.8 | 224.0
          Lair |  25.0 |  25.0 |   0.6 |   4.2 |   7.5 | 316.8
    Slime Pits |  11.8 |  11.8 |   0.2 |   6.9 |   3.5 | 180.4
  Orcish Mines |  11.0 |  11.0 |   0.2 |   3.3 |   5.0 | 420.0
         Abyss |   5.2 |   5.2 |   0.0 |   4.1 |   0.0 | 197.5
     Labyrinth |   2.9 |   2.9 |   0.0 |   3.7 |   0.0 | 219.0
               +-------+-------+-------+-------+-------+----------------------

Table legend:
 A = Kills in this place as a percentage of kills in entire the game.
 B = Kills by you in this place as a percentage of kills by you in the entire game.
 C = Kills by friends in this place as a percentage of kills by friends in the entire game.
 D = Other kills in this place as a percentage of other kills in the entire game.
 E = Experience gained in this place as a percentage of experience gained in the entire game.
 F = Experience gained in this place divided by the number of levels of this place that you have seen.
                   A       B       C       D       E      F
               +-------+-------+-------+-------+-------+----------------------
         Total | 100.0 | 100.0 |  -nan |  -nan | 100.0 | 7792.6
       Dungeon |  46.9 |  46.9 |  -nan |  -nan |  26.7 | 4294.7
          Lair |  21.1 |  21.1 |  -nan |  -nan |  26.7 | 10751.2
    Slime Pits |  10.9 |  10.9 |  -nan |  -nan |  29.7 | 14370.0
  Orcish Mines |  18.5 |  18.5 |  -nan |  -nan |   9.9 | 11960.0
         Abyss |   2.2 |   2.2 |  -nan |  -nan |   6.2 | 7491.0
     Labyrinth |   0.4 |   0.4 |  -nan |  -nan |   0.8 | 1890.0
               +-------+-------+-------+-------+-------+----------------------
